 Dungeon Crawl Stone Soup version 0.29-a0-275-g389c0b56f3 (webtiles) character file.

Game seed: 14259187207397860397

868 jmlagarto the Chopper (level 8, -1/61 HPs)
             Began as a Formicid Fighter on Mar 12, 2022.
             Was an Initiate of Yredelemnul.
             Slain by Edmund
             ... wielding a +1 dire flail of protection
              (7 damage)
             ... on level 4 of the Dungeon.
             The game lasted 00:08:55 (4285 turns).

jmlagarto the Chopper (Formicid Fighter)            Turns: 4285, Time: 00:08:56

Health: -1/61      AC:  7    Str: 23    XL:     8   Next: 23%
Magic:  8/8        EV: 10    Int:  8    God:    Yredelemnul [......]
Gold:   98         SH:  4    Dex: 10    Spells: 7/7 levels left

rFire   + . .      SeeInvis +   m - +4 battleaxe
rCold   x . .      Faith    .   c - +0 buckler
rNeg    . . .      Spirit   .   b - +0 scale mail
rPois   .          Reflect  .   (helmet unavailable)
rElec   .          Harm     .   (no cloak)
rCorr   .          Rampage  .   (no gloves)
Will    .....                   (no boots)
Stlth   ..........              (no amulet)
HPRegen 0.20/turn               p - ring of fire
MPRegen 0.11/turn               (no ring)

@: no status effects
A: permanent stasis, dig shafts and tunnels, antennae 3, four strong arms
a: Dig, Shaft Self, Renounce Religion, Recall Undead Harvest


You were on level 4 of the Dungeon.
You worshipped Yredelemnul.
Yredelemnul was noncommittal.
You visited 1 branch of the dungeon, and saw 4 of its levels.
You also visited: Sewer.

You collected 98 gold pieces.

Inventory:

Hand Weapons
 a - a +0 war axe
 m - a +4 battleaxe (weapon)
Missiles
 f - 6 boomerangs
 r - 22 poisoned darts
Armour
 b - a +0 scale mail (worn)
 c - a +0 buckler (worn)
Jewellery
 p - a ring of fire (left hand)
Scrolls
 g - 4 scrolls of amnesia {unknown}
 i - 2 scrolls of enchant weapon {unknown}
 l - 2 scrolls of teleportation {unknown}
 q - 2 scrolls of identify {unknown}
 s - a scroll of vulnerability {unknown}
 t - 2 scrolls of enchant armour {unknown}
 u - a scroll of magic mapping {unknown}
Potions
 d - 2 potions of might
 e - 4 potions of curing {unknown}
 h - 2 potions of brilliance {unknown}
 j - a potion of heal wounds {unknown}
 k - a potion of attraction {unknown}
 n - a potion of magic {unknown}
 o - 2 potions of haste


   Skills:
 + Level 4.9 Fighting
 + Level 6.3 Axes
 + Level 5.3 Armour
 + Level 1.7 Dodging
 + Level 1.8 Stealth
 + Level 4.7 Shields


You had 7 spell levels left.
You didn't know any spells.
Your spell library contained the following spells:

 Spells                   Type           Power      Damage    Failure   Level
 Gell's Gravitas          Tloc           0%         N/A       98%         3
 Lesser Beckoning         Tloc           0%         N/A       98%         3
 Teleport Other           Tloc           0%         N/A       98%         3


Dungeon Overview and Level Annotations

Branches:
Dungeon (4/15)              Sewer (visited)
 Temple: D:4-7

Altars:
Yredelemnul

Shops:
D:2 *

Annotations:
D:4 Edmund


Innate Abilities, Weirdness & Mutations

You cannot be hasted, slowed, berserked, paralysed or teleported.
You can dig through walls and to a lower floor.
You have a pair of large antennae on your head. (SInv)
Your four strong arms can wield two-handed weapons with a shield.


Message History

Your ball python zombie completely misses Edmund.
Your ball python zombie grabs Edmund.
Your ball python zombie constricts Edmund.
Edmund attacks as you move away!
Edmund hits you with a +1 dire flail of protection.
Edmund struggles to escape constriction.
Your ball python zombie bites Edmund but does no damage.
Your ball python zombie constricts Edmund.
You block Edmund's attack.
Your ball python zombie bites Edmund but does no damage.
Your ball python zombie grabs Edmund.
Your ball python zombie constricts Edmund.
You hit Edmund but do no damage.
Edmund is heavily wounded.
Something hits your ball python zombie.
Your ball python zombie is destroyed!
Edmund hits you with a +1 dire flail of protection.
The orc wizard casts a spell.
The orc wizard flickers and vanishes for a moment.
You block Edmund's attack.
You barely miss Edmund.
Edmund is heavily wounded.
Edmund hits you with a +1 dire flail of protection.
You barely miss Edmund.
Edmund is heavily wounded.
Edmund hits you with a +1 dire flail of protection!
Edmund completely misses you.
You slash Edmund!
Edmund is almost dead.
Edmund hits you with a +1 dire flail of protection.
You hit Edmund.
Edmund is almost dead.
You block Edmund's attack.
You barely miss Edmund.
Edmund is almost dead.
Edmund hits you with a +1 dire flail of protection!
* * * LOW HITPOINT WARNING * * *
Edmund hits you with a +1 dire flail of protection!
You die...
Your body rises from the dead as a mindless zombie.

#.# #)≈.# .≈. #.####.≈.#
##.≈. #.#...o≈o# ...≈.
#.#.##.≈.# ≈≈≈≈
#.#....≈{#####...
#####)####oZo.....######.
#.).))# #.≈≈≈≈≈≈≈.......
#.########o.......≈≈≈≈≈≈≈
#.......@@o....#...###..#
#################..###..#
#.).....# #.Z####.# ##.#
#.## #. #..# #.# ##.# #.#
#.###.#


You could see Edmund, an orc wizard (invisible) and 2 orcs.

Vanquished Creatures
  Grinder (Sewer)
  A phantom (Sewer)
  A wight (Sewer)
  2 orc priests (D:3)
  A hound (D:4)
  A gnoll shaman (D:4)
  2 orc wizards (D:3)
  Robin (D:4)
  5 gnolls
  3 adders
  2 river rats (D:3)
  3 shadow imps (Sewer)
  3 ufetubi (Sewer)
  An orc zombie (D:3)
  A worm (D:2)
  A dart slug (D:1)
  14 orcs
  4 bats
  10 endoplasms
  2 giant cockroaches
  7 goblins
  6 hobgoblins
  A jackal (D:2)
  16 kobolds
  10 quokkas
  7 ball pythons
  3 frilled lizards
  A giant cockroach zombie (Sewer)
  A kobold zombie (Sewer)
  5 rats
116 creatures vanquished.

Vanquished Creatures (collateral kills)
  A kobold brigand (Sewer)
  An orc priest (D:3)
  A gnoll (D:4)
  A giant cockroach (D:2)
  A goblin (D:3)
  A jackal (D:2)
  A ball python (D:2)
  5 bats
  A frilled lizard (D:2)
  3 kobolds
  A kobold zombie (Sewer)
17 creatures vanquished.

Vanquished Creatures (others)
  3 bat zombies (D:3)
  A ball python zombie (D:4)
  A gnoll zombie (D:4)
  A goblin zombie (D:4)
  3 hobgoblin zombies (D:4)
  4 kobold zombies
  5 orc zombies
  A quokka zombie (D:4)
  A spectral endoplasm (D:4)
  2 spectral ufetubi (Sewer)
  A withered plant (D:1)
23 creatures vanquished.

Grand Total: 156 creatures vanquished

Notes
Turn   | Place    | Note
-------+----------+-------------------------------------------
     0 | D:1      | jmlagarto the Formicid Fighter began the quest for the Orb.
     0 | D:1      | Reached XP level 1. HP: 18/18 MP: 1/1
    86 | D:1      | Reached XP level 2. HP: 17/24 MP: 2/2
   668 | D:1      | Found a faded altar of an unknown god.
   895 | D:1      | Reached XP level 3. HP: 29/29 MP: 3/3
  1111 | D:1      | Prayed at the altar of an unknown god.
  1111 | D:1      | Became a worshipper of Yredelemnul the Dark
  1182 | D:2      | Found the +4 robe of Augmentation {Str+4 Int+4 Dex+4}
  1259 | D:2      | Found Veugutoz's Assorted Antiques.
  1287 | D:2      | Reached * piety under Yredelemnul
  1499 | D:2      | Reached ** piety under Yredelemnul
  1499 | D:2      | Reached XP level 4. HP: 37/37 MP: 4/4
  1533 | D:2      | Reached skill level 3 in Axes
  1727 | D:3      | Found a glowing drain.
  1946 | Sewer    | Entered a sewer
  2151 | Sewer    | Reached XP level 5. HP: 40/42 MP: 5/5
  2246 | Sewer    | Found an ancient bone altar of Kikubaaqudgha.
  2246 | Sewer    | Noticed a kobold brigand
  2252 | Sewer    | Killed a kobold brigand
  2253 | Sewer    | Reached skill level 1 in Dodging
  2255 | Sewer    | Reached XP level 6. HP: 48/48 MP: 6/6
  2265 | Sewer    | Reached skill level 4 in Axes
  2393 | Sewer    | Noticed Grinder
  2408 | Sewer    | Killed Grinder
  2409 | Sewer    | Reached skill level 5 in Axes
  2409 | Sewer    | Reached XP level 7. HP: 27/55 MP: 7/7
  2817 | D:3      | Reached skill level 1 in Stealth
  2887 | D:3      | Reached skill level 5 in Armour
  3406 | D:3      | Reached XP level 8. HP: 60/61 MP: 8/8
  3567 | D:3      | Reached skill level 6 in Axes
  4125 | D:4      | Noticed Robin
  4131 | D:4      | Killed Robin
  4133 | D:4      | Your ally Robin died
  4266 | D:4      | Noticed Edmund
  4285 | D:4      | Slain by Edmund

Illustrated notes

Levels and vault maps discovered:
D:1:      mrwooster_arrival_statue, layout_basic,
          shapermc_ecumenical_altar_flowoftime
D:2:      layout_rooms, serial_shops, shop
D:3:      layout_basic, portal_sewer_entry_a, minmay_door_square
D:4:      layout_basic, mainiacjoe_overflow_alcove_1, nicolae_overflow_squiral,
          gammafunk_ghost_grave, uniq_edmund, uniq_blork_the_orc, uniq_robin

Skill      XL: |  1  2  3  4  5  6  7  8 |
---------------+-------------------------+-----
Shields        | 4 |  4.7
Axes           | 3 5 6 |  6.3
Fighting       | 4 |  4.9
Armour         | 4 5 |  5.3
Dodging        | 1 |  1.7
Stealth        | 1 |  1.8

Action                   |  1- 3 |  4- 6 |  7- 9 || total
-------------------------+-------+-------+-------++-------
Melee: War axe           |    79 |    55 |       ||   134
       Battleaxe         |       |     6 |   119 ||   125
 Stab: Distracted        |       |     1 |       ||     1
Armor: Scale mail        |    38 |    24 |    62 ||   124
Dodge: Dodged            |    39 |    36 |    72 ||   147
Block: Buckler           |    18 |    18 |    34 ||    70

Table legend: (Time is in decaauts)
 A = Elapsed time spent in this place.
 B = Non-inter-level travel time spent in this place.
 C = Inter-level travel time spent in this place.
 D = Time resting spent in this place.
 E = Time spent auto-exploring this place.
 F = Levels seen in this place.
 G = Mean time per level.
                   A        B        C        D        E       F      G
               +--------+--------+--------+--------+--------+-----+--------+
         Total |   4398 |   4300 |     98 |     31 |   3371 |   5 |  879.6 |
       Dungeon |   3562 |   3464 |     98 |     31 |   2710 |   4 |  890.5 |
         Sewer |    836 |    836 |      0 |      0 |    661 |   1 |  836.0 |
               +--------+--------+--------+--------+--------+-----+--------+

Top non-repeatable levels by time:
     D:3: 1305 daAuts
     D:1: 1154 daAuts
   Sewer: 836 daAuts
     D:2: 605 daAuts
     D:4: 497 daAuts
